 Dungeon Sprint DCSS version 0.30-a0-272-gf98c3da03f (webtiles) character file.

Game seed: 18161367007624344438

77 rocky1 the Sneak (level 4, 0/27 HPs)
             Began as an Octopode Earth Elementalist on Oct 16, 2022.
             Slain by a water elemental (9 damage)
             ... in the Dungeon (Sprint III: "The Ten Rune Challenge").
             The game lasted 00:01:03 (223 turns).

rocky1 the Sneak (Octopode Earth Elementalist)       Turns: 223, Time: 00:01:04

Health: 0/27       AC:  1    Str:  7    XL:     4   Next: 34%
Magic:  6/9        EV: 14    Int: 19    God:
Gold:   16         SH:  0    Dex: 12    Spells: 9/10 levels left

rFire   . . .      SeeInvis .    (no weapon)
rCold   . . .      Faith    .    (no shield)
rNeg    . . .      Spirit   .    (helmet restricted)
rPois   .          Reflect  .    (no amulet)
rElec   .          Harm     .    (no ring)
rCorr   .          Rampage  .    (no ring)
Will    .....      NoTele   +    (no ring)
Stlth   ++++......               (no ring)
HPRegen 0.24/turn                (no ring)
MPRegen 0.11/turn                (no ring)
                                 (no ring)
                                 (no ring)

@: engulfed
A: almost no armour, amphibious, 8 rings, camouflage 1, gelatinous body 1,
(nimble swimmer 1), tentacles
a: no special abilities


You were in the Dungeon.
You visited 1 branch You collected 16 gold pieces.

Inventory:

Scrolls
 f - a scroll of blinking
 g - 4 scrolls of identify
 i - a scroll of poison {unknown}
 k - a scroll of immolation {unknown}
Potions
 a - 3 potions of magic
 b - 2 potions of curing
 c - a potion of heal wounds
 d - a potion of haste
 e - a potion of berserk rage
 h - 2 potions of mutation {unknown}
 j - 3 potions of flight
 l - a potion of cancellation {unknown}


   Skills:
 + Level 4.0 Dodging
 + Level 5.8 Stealth
 + Level 3.8 Spellcasting
 + Level 3.6 Transmutations
 + Level 4.6 Earth Magic


You had 9 spell levels left.
You knew the following spells:

 Your Spells              Type           Power      Damage    Failure   Level
a - Sandblast             Erth           42%        2d11      1%          1

Your spell library contained the following spells:

 Spells                   Type           Power      Damage    Failure   Level
 Passwall                 Tmut/Erth      15%        N/A       3%          2
 Stone Arrow              Conj/Erth      24%        3d8       16%         3
 Petrify                  Tmut/Erth      19%        N/A       26%         4


Dungeon Overview and Level Annotations

Branches:
Dungeon (1/1)

Altars:


Innate Abilities, Weirdness & Mutations

You cannot wear most types of armour.
You are amphibious.
You can wear up to eight rings at the same time.
Your skin changes colour to match your surroundings (Stealth+).
Your rubbery body absorbs attacks. (AC +1, EV +1)
((You are camouflaged when in or above water. (Stealth+)))
You have tentacles for arms and can constrict up to eight enemies at once.


Message History

Unknown command.
You start resting.
HP restored.
You start resting.
You start resting.
Magic restored.
You open the door.
Found 16 gold pieces and 2 smoky sapphire potions.
There is an open door here.
You now have 11 gold pieces.
h - a smoky sapphire potion;
i - a scroll labelled JICAELAINE
g - 2 scrolls of identify (gained 1);
b - 2 potions of curing (gained 1)
j - 2 potions of flight
h - 2 smoky sapphire potions (gained 1);
k - a scroll labelled IJUHUOCKON
g - 4 scrolls of identify (gained 2);
l - a lumpy sapphire potion
j - 3 potions of flight (gained 1)
You now have 16 gold pieces (gained 5).
There is an open door here.
You open the door.
A water elemental comes into view.
Aiming: Sandblast (safe; 1% risk of failure)
Press: ? - help, Q - select action Shift-Dir - straight line, f - water elemental
Aim: a water elemental (dormant, 100% to hit)
The blast of sand hits the water elemental.
The water elemental is lightly damaged.
Unknown command.
Aiming: Sandblast (safe; 1% risk of failure)
Press: ? - help, Q - select action Shift-Dir - straight line, f/p - water elemental
Aim: a water elemental (lightly damaged, 90% to hit)
The blast of sand misses the water elemental.
The water elemental hits you!!
Ouch! That really hurt!
The water elemental engulfs you in water!
Aiming: Sandblast (safe; 1% risk of failure)
Press: ? - help, Q - select action Shift-Dir - straight line, f/p - water elemental
Aim: a water elemental (lightly damaged, 90% to hit)
The blast of sand hits the water elemental but does no damage.
The water elemental is lightly damaged.
The water elemental hits you!
You die...

▓▓▓▓▓▓▓▓ ▓▓▓ <..#...####
##.# ...#......#####..#
..##.......#..#..#
##.##.##.).#..#..# #+#+#
##.##.###..##'#..#......
#.####.##..###..@E.⌠....
.###..##..####...#...###
#.....##..###....# ⌠.#
###†.##†..##.†...# .#
#..##....#.)....# #
#..###..##.#.....# #).
#.. ####....# ▓▓▓ ▓▓▓
▓▓▓▓▓▓


You could see a water elemental.

Vanquished Creatures
  Crazy Yiuf (D)
  Jessica (D)
  A human (D)
  An endoplasm (D)
  2 rats (D)
6 creatures vanquished.

Notes
Turn   | Place    | Note
-------+----------+-------------------------------------------
     0 | D        | rocky1 the Octopode Earth Elementalist began the quest for
                  | the Orb.
     0 | D        | Reached XP level 1. HP: 11/11 MP: 3/3
     9 | D        | Reached skill level 3 in Stealth
    37 | D        | Noticed Jessica
    40 | D        | Killed Jessica
    41 | D        | Reached skill level 4 in Stealth
    41 | D        | Reached XP level 2. HP: 17/17 MP: 1/6
    41 | D        | Reached XP level 3. HP: 21/21 MP: 1/7
   123 | D        | Noticed Crazy Yiuf
   126 | D        | Killed Crazy Yiuf
   127 | D        | Reached skill level 5 in Stealth
   127 | D        | Reached XP level 4. HP: 27/27 MP: 4/9
   220 | D        | Noticed a water elemental
   223 | D        | Slain by a water elemental

Illustrated notes

Levels and vault maps discovered:
D:        dungeon_sprint_mu [sprint_mu_entry_cave, sprint_mu_temple_rooms,
          sprint_mu_d1_horrors, sprint_mu_d2_genie, sprint_mu_d3_branching,
          sprint_mu_orc_legion, sprint_mu_elf_gauntlet, sprint_mu_hive_nellie,
          sprint_mu_lair_fedhas, sprint_mu_vaults_butterflies,
          sprint_mu_slime_circle, sprint_mu_shoals_kraken,
          sprint_mu_snake_twists, sprint_mu_blade_basic,
          sprint_mu_crypt_fortress, sprint_mu_tomb_spiral,
          sprint_mu_vestibule_basic, sprint_mu_gehenna_hellfire,
          sprint_mu_dis_giant, sprint_mu_tartarus_statrot,
          sprint_mu_cocytus_islands, sprint_mu_zot1]

Skill      XL: |  1  2  3  4 |
---------------+-------------+-----
Stealth        | 4 5 |  5.8
Dodging        | 3 4 |  4.0
Spellcasting   | 3 |  3.8
Transmutations | 2 3 |  3.6
Earth Magic    | 4 |  4.6

Action                   |  1- 3 |  4- 6 || total
-------------------------+-------+-------++-------
 Cast: Sandblast         |     8 |     7 ||    15
Dodge: Dodged            |     1 |       ||     1

Table legend: (Time is in decaauts)
 A = Elapsed time spent in this place.
 B = Non-inter-level travel time spent in this place.
 C = Inter-level travel time spent in this place.
 D = Time resting spent in this place.
 E = Time spent auto-exploring this place.
 F = Levels seen in this place.
 G = Mean time per level.
                   A        B        C        D        E       F      G
               +--------+--------+--------+--------+--------+-----+--------+
         Total |    230 |    230 |      0 |    146 |      0 |   1 |  230.0 |
       Dungeon |    230 |    230 |      0 |    146 |      0 |   1 |  230.0 |
               +--------+--------+--------+--------+--------+-----+--------+

Top non-repeatable levels by time:
       D: 230 daAuts
